 Dungeon Crawl Stone Soup version 0.29-a0-409-gd843f3a48c (webtiles) character file.

Game seed: 2338772851072621277

7698 dolemite99 the Grappler (level 11, -8/92 HPs)
             Began as a Ghoul Warper on May 14, 2022.
             Was a Priest of Trog.
             Killed from afar by a steam dragon (17 damage)
             ... with a ball of steam
             ... in a bailey.
             The game lasted 00:17:37 (16304 turns).

dolemite99 the Grappler (Ghoul Warper)             Turns: 16304, Time: 00:17:37

Health: -8/92      AC: 16    Str: 20    XL:     11   Next: 19%
Magic:  12/12      EV:  8    Int:  8    God:    Trog [***...]
Gold:   508        SH:  0    Dex:  8    Spells: 13/13 levels left

rFire   . . .      SeeInvis .     - Unarmed
rCold   + . .      Faith    .   (no shield)
rNeg    + + +      Spirit   .   x - +0 chain mail
rPois   ∞          Reflect  .   E - +1 helmet
rElec   .          Harm     .   G - +2 cloak
rCorr   .          Rampage  .   (no gloves)
Will    ++...                   (no boots)
Stlth   ..........              (no amulet)
HPRegen 1.00/turn               (no ring)
MPRegen 0.13/turn               (no ring)

@: mighty, strong-willed (expiring), regenerating (expiring)
A: claws 1, cold resistance 1, negative energy resistance 3, inhibited
regeneration, torment resistance 2, devour on kill
a: Renounce Religion, Trog's Hand


You were in a bailey.
You worshipped Trog.
Trog was most pleased with you.
You visited 1 branch of the dungeon, and saw 10 of its levels.
You also visited: Bailey.

You collected 684 gold pieces.
You spent 176 gold pieces at shops.

Inventory:

Hand Weapons
 f - a +1 short sword of electrocution
 p - a +0 vampiric hand axe
 t - the +3 mace of the Priest {vorpal, rC+ rN+ Str+4}
   (You found it on level 3 of the Dungeon)

   It inflicts extra damage upon your enemies.
   Str:       It affects your strength (+4).
   rC:        It protects you from cold.
   rN:        It protects you from negative energy.
 y - a +1 hand axe of freezing
 C - a +2 antimagic hand axe
Missiles
 d - 612 stones
 h - 10 boomerangs (quivered)
 k - 38 poisoned darts
 q - 2 boomerangs of dispersal
Armour
 x - a +0 chain mail (worn)
 E - a +1 helmet (worn)
 G - a +2 cloak (worn)
Jewellery
 w - a +6 ring of intelligence
Wands
 l - a wand of polymorph (7)
 z - a wand of flame (15)
 H - a wand of iceblast (12)
 N - a wand of acid (4)
Scrolls
 a - 3 scrolls of fog
 b - 2 scrolls of blinking
 m - 2 scrolls of noise
 r - 6 scrolls of teleportation
 s - a scroll of poison
 B - 2 scrolls of vulnerability
 D - 5 scrolls of identify {@r1}
 L - a scroll of fear
 M - a scroll of amnesia {unknown}
Potions
 c - 4 potions of haste
 e - 2 potions of cancellation
 g - 5 potions of curing
 i - a potion of attraction {unknown}
 j - 3 potions of berserk rage
 n - 4 potions of heal wounds {unknown}
 o - 3 potions of might
 u - 3 potions of invisibility {unknown}
 v - 2 potions of brilliance
 A - a potion of mutation {unknown}
 F - a potion of magic {unknown}
 I - a potion of ambrosia {unknown}
 J - a potion of degeneration {unknown}
 K - a potion of lignification {unknown}


   Skills:
 - Level 7.4 Fighting
 + Level 4.6 Throwing
 - Level 8.1 Armour
 - Level 1.7 Dodging
 - Level 13.1 Unarmed Combat
 - Level 1.7 Spellcasting
 - Level 2.6 Translocations


You had 13 spell levels left.
You didn't know any spells.
Your spell library contained the following spells:

 Spells                   Type           Power      Damage    Failure   Level
 Blink                    Tloc           10%        N/A       82%         2
 Gell's Gravitas          Tloc           5%         N/A       96%         3
 Lesser Beckoning         Tloc           5%         N/A       96%         3
 Teleport Other           Tloc           5%         N/A       96%         3
 Manifold Assault         Tloc           5%         N/A       100%        5


Dungeon Overview and Level Annotations

Branches:
Dungeon (10/15)            Temple (0/1) D:4             Orc (0/2) D:10
 Bailey (1/1)
   Lair: D:8-11

Altars:
Dithmenos
Elyvilon
Fedhas
Hepliaklqana
Makhleb
Nemelex Xobeh
Okawaru
Ru
Sif Muna
Trog
Vehumet
Xom
Yredelemnul

Shops:
D:2 =(:*(   D:3 :(   D:9 *

Annotations:
D:3 1 runed translucent door, Crazy Yiuf
D:10 1 transporter


Innate Abilities, Weirdness & Mutations

You are immune to poison.
You have sharp fingernails.
Your flesh is cold resistant. (rC+)
You are immune to negative energy. (rN+++)
You do not regenerate when monsters are visible.
You are immune to unholy pain and torment.
You thrive by killing the living.


Message History

The steam dragon barely misses you.
The spriggan hits you with a +0 trident!
* * * LOW HITPOINT WARNING * * *
Okay, then.
You claw the spriggan!
The spriggan is almost dead.
The steam dragon breathes steam at you. The ball of steam hits you!!
* * * LOW HITPOINT WARNING * * *
The spriggan hits you but does no damage.
You hear a shout!
The steam dragon closely misses you.
The steam dragon claws you but does no damage.
The spriggan splashes around in the water.
You feel very mighty all of a sudden.
The steam dragon bites you but does no damage.
The steam dragon closely misses you. The spriggan closely misses you.
You barely miss the steam dragon. The steam dragon closely misses you.
The steam dragon claws you but does no damage.
You barely miss the steam dragon.
The spriggan hits you from afar with a +0 trident.
* * * LOW HITPOINT WARNING * * *
You claw the steam dragon! Your claw misses the steam dragon.
The steam dragon is moderately wounded.
The steam dragon bites you.
* * * LOW HITPOINT WARNING * * *
The steam dragon claws you but does no damage.
The spriggan is engulfed in a cloud of scalding steam.
The spriggan dies!
You hear a splash.
You scratch the steam dragon but do no damage.
The steam dragon is moderately wounded.
The steam dragon bites you.
* * * LOW HITPOINT WARNING * * *
The steam dragon completely misses you.
You feel better.
You feel the effects of Trog's Hand fading.
The steam dragon breathes steam at you. The ball of steam hits you!
You die...

#########
##.......##
##.........##
##..##♣###♣..##
##..♣♣ ♣#..##
##..## #♣..#
#...# ##..
#..)# #.. #@D)#
#.. #..≈).♣ #..
#..≈#.♣ #..
#...#.♣ #..
#...# . #..
##..# .. ..#
##.. .. ..#
##.. ###


You could see a steam dragon (catching breath).

Vanquished Creatures
  A cyclops (D:9)
  Maggie (D:7)
  A troll (D:9)
  A hornet (D:7)
  Sigmund (D:2)
  3 spriggans (Bailey)
  14 yaks
  A vampire (D:9)
  A wyvern (D:9)
  3 orc warriors
  2 black bears
  2 ice beasts
  A sky beast (D:7)
  6 ogres
  3 kobold brigands
  2 bullfrogs
  A gnoll sergeant (D:4)
  3 scorpions
  5 wights (D:6)
  6 howler monkeys
  3 vampire bats (D:5)
  5 hounds
  2 jellies
  6 orc priests
  A gnoll shaman (D:8)
  Ijyb (D:3)
  3 iguanas
  13 orc wizards
  13 gnolls
  13 adders
  A white imp (D:8)
  2 worms (D:2)
  2 dart slugs
  29 orcs
  10 ball pythons
  4 endoplasms
  6 giant cockroaches
  9 goblins
  6 hobgoblins
  20 kobolds
  5 quokkas
  12 bats
  5 frilled lizards
  4 rats
233 creatures vanquished.

Vanquished Creatures (others)
  A spriggan (Bailey)
  A kobold (D:4)
  2 plants (D:3)
4 creatures vanquished.

Grand Total: 237 creatures vanquished

Notes
Turn   | Place    | Note
-------+----------+-------------------------------------------
     0 | D:1      | dolemite99 the Ghoul Warper began the quest for the Orb.
     0 | D:1      | Reached XP level 1. HP: 17/17 MP: 2/2
   506 | D:1      | Found a faded altar of an unknown god.
   548 | D:1      | Prayed at the altar of an unknown god.
   548 | D:1      | Became a worshipper of Trog the Wrathful
   548 | D:1      | Reached * piety under Trog
   629 | D:1      | Reached skill level 3 in Unarmed Combat
   629 | D:1      | Reached XP level 2. HP: 15/24 MP: 3/3
  1767 | D:2      | Reached XP level 3. HP: 21/29 MP: 4/4
  1905 | D:2      | Reached skill level 4 in Unarmed Combat
  1975 | D:2      | Found a burning altar of Makhleb.
  2048 | D:2      | Reached ** piety under Trog
  2154 | D:2      | Noticed Sigmund
  2177 | D:2      | Killed Sigmund
  2178 | D:2      | Reached skill level 6 in Unarmed Combat
  2178 | D:2      | Reached XP level 4. HP: 17/36 MP: 5/5
  2178 | D:2      | Reached XP level 5. HP: 20/41 MP: 6/6
  2858 | D:2      | Found Tucigalu's Weapon Emporium.
  2897 | D:2      | Found Noar's Jewellery Shop.
  2916 | D:2      | Reached XP level 6. HP: 48/48 MP: 7/7
  2927 | D:2      | Found Umenkac's Weapon Shoppe.
  3142 | D:2      | Found Laost's Assorted Antiques.
  3151 | D:2      | Bought a scroll labelled GENERA UPHIM for 18 gold pieces
  3151 | D:2      | Bought a white potion for 16 gold pieces
  3151 | D:2      | Bought a viscous silvery potion for 16 gold pieces
  3151 | D:2      | Bought a lumpy ruby potion for 16 gold pieces
  3162 | D:2      | Found Idoump's Book Emporium.
  3577 | D:3      | Reached skill level 7 in Unarmed Combat
  4313 | D:3      | Noticed Ijyb
  4327 | D:3      | Killed Ijyb
  4402 | D:3      | Identified the +3 mace of the Priest {vorpal, rC+ rN+
                  | Str+4}
  4407 | D:3      | Found a runed translucent door.
  4408 | D:3      | Noticed Crazy Yiuf
  4520 | D:3      | Found Tosopeg's Book Emporium.
  4555 | D:3      | Found a sacrificial altar of Ru.
  4839 | D:3      | Found a basalt altar of Yredelemnul.
  5097 | D:3      | Found Ysoriofu's Weapon Emporium.
  5262 | D:4      | Reached skill level 8 in Unarmed Combat
  5262 | D:4      | Reached XP level 7. HP: 55/55 MP: 8/8
  5688 | D:4      | Identified the +1 ring mail "Teqomm" {rPois Stlth+}
  7067 | D:4      | Found a staircase to the Ecumenical Temple.
  7189 | D:4      | Found a shimmering blue altar of Sif Muna.
  7403 | D:5      | Entered Level 5 of the Dungeon
  7432 | D:4      | Reached skill level 9 in Unarmed Combat
  8220 | D:5      | Reached XP level 8. HP: 22/61 MP: 6/9
  9048 | D:5      | Reached skill level 10 in Unarmed Combat
  9522 | D:5      | Reached *** piety under Trog
  9523 | D:5      | Reached skill level 11 in Unarmed Combat
 10191 | D:6      | Found a burning altar of Makhleb.
 10410 | D:6      | Reached skill level 12 in Unarmed Combat
 10638 | D:6      | Reached XP level 9. HP: 58/67 MP: 10/10
 11080 | D:6      | Reached skill level 13 in Unarmed Combat
 11246 | D:6      | Reached skill level 1 in Armour
 11881 | D:7      | Noticed Maggie
 11889 | D:7      | Killed Maggie
 11943 | D:7      | Reached skill level 5 in Armour
 12318 | D:7      | Noticed a hornet
 12325 | D:7      | Killed a hornet
 12326 | D:7      | Reached XP level 10. HP: 62/73 MP: 11/11
 13690 | D:8      | Found a shadowy altar of Dithmenos.
 13690 | D:8      | Found a radiant altar of Vehumet.
 13691 | D:8      | Found a shimmering altar of Xom.
 13692 | D:8      | Found a hazy altar of Hepliaklqana.
 13693 | D:8      | Found a blossoming altar of Fedhas.
 13693 | D:8      | Found a sparkling altar of Nemelex Xobeh.
 13852 | D:8      | Reached skill level 5 in Fighting
 14145 | D:9      | Noticed a cyclops
 14168 | D:9      | Killed a cyclops
 14912 | D:9      | Reached skill level 1 in Throwing
 15005 | D:9      | Found an iron altar of Okawaru.
 15071 | D:9      | Found a bloodstained altar of Trog.
 15149 | D:9      | Found Otugreu's General Store.
 15156 | D:9      | Bought a scroll of identify for 20 gold pieces
 15156 | D:9      | Bought a scroll of teleportation for 30 gold pieces
 15156 | D:9      | Bought 3 scrolls of identify for 60 gold pieces
 15245 | D:9      | Reached XP level 11. HP: 64/92 MP: 12/12
 15624 | D:10     | Entered Level 10 of the Dungeon
 15653 | D:10     | Found a transporter.
 15655 | D:10     | Noticed a purple ugly thing
 15655 | D:10     | Noticed a brown ugly thing
 15656 | D:10     | Noticed a harpy
 15656 | D:10     | Noticed a red ugly thing
 15659 | D:10     | Noticed a salamander
 16001 | D:10     | Found a staircase to the Orcish Mines.
 16032 | D:10     | Found a flagged portal.
 16065 | Bailey   | Entered a bailey
 16297 | Bailey   | HP: 3/92 [steam dragon/ball of steam (23)]
 16302 | Bailey   | HP: 2/92 [steam dragon (3)]
 16304 | Bailey   | Killed from afar by a steam dragon

Illustrated notes

Levels and vault maps discovered:
D:1:      heliophobic_arrival_battle_scene, layout_loops_ring,
          shapermc_ecumenical_altar_petra
D:2:      minmay_spotlight, layout_loops_corners, serial_shops,
          nicolae_shop_stone, nicolae_square_shop, shop, nicolae_square_shop,
          nicolae_shop_advertising_works [nicolae_subvault_shop_adworks],
          basic_altar, uniq_sigmund
D:3:      layout_basic, gammafunk_temple_overflow_forgotten, serial_shops,
          nicolae_shop_waterfront, nicolae_lakefront_shop, uniq_ijyb,
          uniq_crazy_yiuf_cottage
D:4:      layout_cave_pools, kennysheep_orc_sif_temple, lemuel_temple_firewalk_b
D:5:      layout_basic, roderic_batcave
D:6:      layout_rooms, amcnicky_altar_gilded, gup_sewer_entry_pipe,
          grunt_ministairs_11
D:7:      layout_rooms, uniq_maggie
D:8:      layout_rooms, grunt_temple_overflow_open, grunt_decor_fettered
D:9:      layout_loops_ring, lemuel_doored_altar, mainiacjoe_overflow_alcove_4,
          serial_shops, nicolae_shop_trees, grunt_ministairs_4,
          minmay_sticks_and_stones
D:10:     gammafunk_corrupted_shrine, layout_long_grid, dpeg_oklobed_lair,
          orc_0_dummy, enter_bailey_3
Bailey:   bailey_polearm_enchanted_keep_hellmonk, bailey

Skill      XL: |  1  2  3  4  5  6  7  8  9 10 11 |
---------------+----------------------------------+-----
Unarmed Combat | 3 6 8 9 12 13 | 13.1
Armour         | 6 8 |  8.1
Fighting       | 7 |  7.4
Throwing       | 2 4 |  4.6
Dodging        | |  1.7
Spellcasting   | |  1.7
Translocations | |  2.6

Action                   |  1- 3 |  4- 6 |  7- 9 | 10-12 || total
-------------------------+-------+-------+-------+-------++-------
Melee: Unarmed           |    97 |   114 |   312 |   240 ||   763
       Punch             |       |       |    12 |    16 ||    28
Throw: Boomerang         |     7 |       |    53 |    81 ||   141
       Stone             |    45 |    46 |       |       ||    91
Invok: Trog's Hand       |     1 |     2 |    13 |    12 ||    28
Evoke: Wand              |       |       |     3 |       ||     3
  Use: Scroll            |       |     6 |     7 |     2 ||    15
       Potion            |       |       |     1 |     4 ||     5
 Stab: Sleeping          |       |       |     1 |       ||     1
Armor: Leather armour    |    27 |     9 |       |       ||    36
       Ring mail         |       |    31 |   114 |       ||   145
       Chain mail        |       |       |    38 |   103 ||   141
Dodge: Dodged            |    49 |    69 |   128 |    81 ||   327

Table legend: (Time is in decaauts)
 A = Elapsed time spent in this place.
 B = Non-inter-level travel time spent in this place.
 C = Inter-level travel time spent in this place.
 D = Time resting spent in this place.
 E = Time spent auto-exploring this place.
 F = Levels seen in this place.
 G = Mean time per level.
                   A        B        C        D        E       F      G
               +--------+--------+--------+--------+--------+-----+--------+
         Total |  16223 |  15682 |    541 |   7555 |   5493 |  11 | 1474.8 |
       Dungeon |  15989 |  15448 |    541 |   7418 |   5462 |  10 | 1598.9 |
        Bailey |    234 |    234 |      0 |    137 |     31 |   1 |  234.0 |
               +--------+--------+--------+--------+--------+-----+--------+

Top non-repeatable levels by time:
     D:2: 2659 daAuts
     D:4: 2398 daAuts
     D:5: 2264 daAuts
     D:9: 1655 daAuts
     D:6: 1558 daAuts
     D:1: 1501 daAuts
     D:8: 1457 daAuts
     D:3: 1262 daAuts
     D:7: 791 daAuts
    D:10: 439 daAuts
  Bailey: 234 daAuts
